 Dungeon Crawl Stone Soup version 0.29-a0-666-g26d293caef (webtiles) character file.

Game seed: 6238343566622271633

14 Fascinator the Poker (level 2, 0/25 HPs)
             Began as a Minotaur Gladiator on Apr 18, 2022.
             Slain by an endoplasm (1 damage)
             ... on level 1 of the Dungeon on June 23, 2022.
             The game lasted 00:03:47 (645 turns).

Fascinator the Poker (Minotaur Gladiator)            Turns: 645, Time: 00:03:47

Health: 0/25       AC:  3    Str: 18    XL:     2   Next: 27%
Magic:  1/1        EV: 12    Int:  5    God:
Gold:   10         SH:  0    Dex: 11    Spells: 1/1 levels left

rFire   . . .      SeeInvis .   a - +0 trident
rCold   . . .      Faith    .   (no shield)
rNeg    . . .      Spirit   .   b - +0 leather armour
rPois   .          Reflect  .   c - +0 hat
rElec   .          Harm     .   (no cloak)
rCorr   .          Rampage  .   (no gloves)
Will    .....                   (no boots)
Stlth   +.........              (no amulet)
HPRegen 0.08/turn               (no ring)
MPRegen 0.07/turn               (no ring)

@: no status effects
A: horns 2, retaliatory headbutt
a: no special abilities


You were on level 1 of the Dungeon.
You visited 1 branch of the dungeon, and saw 1 of its levels.

You collected 10 gold pieces.

Inventory:

Hand Weapons
 a - a +0 trident (weapon)
Missiles
 d - 3 throwing nets (quivered)
 e - a javelin
Armour
 b - a +0 leather armour (worn)
 c - a +0 hat (worn)
Potions
 f - a potion of curing {unknown}


   Skills:
 + Level 2.8 Fighting
 + Level 3.9 Polearms
 + Level 2.2 Throwing
 + Level 3.5 Dodging


You had one spell level left.
You didn't know any spells.
Your spell library was empty.

Dungeon Overview and Level Annotations

Branches:
Dungeon (1/15)

Altars:


Innate Abilities, Weirdness & Mutations

You have a pair of horns on your head.
You reflexively headbutt those who attack you in melee.


Message History

The endoplasm freezes you.
You are frozen.
The endoplasm freezes you.
You are frozen.
The endoplasm freezes you.
You are frozen.
The endoplasm hits you.
The endoplasm hits you but does no damage.
The endoplasm barely misses you. The endoplasm freezes you.
You are frozen.
The endoplasm barely misses you. The endoplasm freezes you.
You are frozen.
The endoplasm hits you.
* * * LOW HITPOINT WARNING * * *
The endoplasm hits you.
* * * LOW HITPOINT WARNING * * *
The endoplasm hits you but does no damage.
The endoplasm hits you but does no damage.
The endoplasm freezes you.
You are frozen.
* * * LOW HITPOINT WARNING * * *
The endoplasm barely misses you. The endoplasm freezes you.
You are frozen.
* * * LOW HITPOINT WARNING * * *
The endoplasm hits you but does no damage.
The endoplasm hits you.
* * * LOW HITPOINT WARNING * * *
The endoplasm freezes you.
You are frozen.
* * * LOW HITPOINT WARNING * * *
The endoplasm closely misses you. You furiously retaliate!
You headbutt the endoplasm. The endoplasm barely misses you.
The endoplasm barely misses you. The endoplasm barely misses you.
The endoplasm hits you.
You die...

#################
#.).....#.J.....#
#.#####.#@#####
#.#...#.#.#...#
#...#.#.#...#.#
#######.#.#####.# ###
#.......#....(..# #..
#.############### ###.# #.#
#.#.#
#.######################.#.#
#................(.......#.#


You could see an endoplasm.

Vanquished Creatures
  A gnoll (D:1)
  A ball python (D:1)
  2 bats (D:1)
  A kobold (D:1)
5 creatures vanquished.

Notes
Turn   | Place    | Note
-------+----------+-------------------------------------------
     0 | D:1      | Fascinator the Minotaur Gladiator began the quest for the
                  | Orb.
     0 | D:1      | Reached XP level 1. HP: 18/18 MP: 0/0
     0 | D:1      | Upgraded the game from 0.29-a0-338-g1ff7896281 to
                  | 0.29-a0-666-g26d293caef
   156 | D:1      | Reached XP level 2. HP: 3/25 MP: 1/1
   639 | D:1      | HP: 1/25 [endoplasm (1)]
   645 | D:1      | Slain by an endoplasm

Illustrated notes

Levels and vault maps discovered:
D:1:      eino_arrival_druids_welcome, layout_basic,
          ebering_ecumenical_altar_box, kennysheep_flooded_box,
          patterned_corridor

Action                   || total
-------------------------++-------
Armor: Leather armour    ||    14
Dodge: Dodged            ||    42

Table legend: (Time is in decaauts)
 A = Elapsed time spent in this place.
 B = Non-inter-level travel time spent in this place.
 C = Inter-level travel time spent in this place.
 D = Time resting spent in this place.
 E = Time spent auto-exploring this place.
 F = Levels seen in this place.
 G = Mean time per level.
                   A        B        C        D        E       F      G
               +--------+--------+--------+--------+--------+-----+--------+
         Total |    645 |    645 |      0 |      0 |    428 |   1 |  645.0 |
       Dungeon |    645 |    645 |      0 |      0 |    428 |   1 |  645.0 |
               +--------+--------+--------+--------+--------+-----+--------+

Top non-repeatable levels by time:
     D:1: 645 daAuts
